 Dungeon Crawl Stone Soup version 0.31-a0-426-g3a05650e59 (webtiles) character file.

Game seed: 16487517933533741009

454 floatRand the Ruffian (level 6, 0/47 HPs)
             Began as a Draconian Shapeshifter on July 30, 2023.
             Succumbed to Crazy Yiuf's poison
             ... on level 3 of the Dungeon.
             The game lasted 00:02:26 (2316 turns).

floatRand the Ruffian (Draconian Shapeshifter)      Turns: 2316, Time: 00:02:26

Health: 0/47       AC:  6    Str: 17    XL:     6   Next: 76%
Magic:  6/6        EV: 12    Int:  8    God:
Gold:   118        SH:  0    Dex: 14    Spells: 5/5 levels left

rFire   . .          .
                       - Unarmed
rCold   . . .        (no shield)
rNeg    . . .        (body armour unavailable)
rPois   .            (helmet currently unavailable)
rElec   .            (cloak currently unavailable)
rCorr   .            (gloves currently unavailable)
SInv    .            (boots currently unavailable)
Will    .....        (no amulet)
Stlth   +            c - ring of flight
HPRegen 0.27/turn    (no ring)
MPRegen 0.10/turn

%: no passive effects
@: lethally poisoned (0 -> -5), beast-form, flying
A: beast (slay +3), AC +6, unfitting armour, cold-blooded
a: Begin Untransformation


You were on level 3 of the Dungeon.
You were a hulking beast.
You visited 1 branch of the dungeon, and saw 3 of its levels.

You collected 118 gold pieces.

Inventory:

Armour
 d - a scarf of harm
Jewellery
 c - a ring of flight (left hand)
 h - an amulet of guardian spirit
Talismans
 b - a beast talisman (active)
Scrolls
 e - a scroll of noise {unknown}
 g - a scroll of blinking {unknown}
 i - 2 scrolls of teleportation {unknown}
 j - 2 scrolls of identify {unknown}
Potions
 a - a potion of lignification
 f - a potion of haste {unknown}
 k - a potion of curing {unknown}


   Skills:
 - Level 1.1 Fighting
 - Level 1.7 Dodging
 * Level 6.5 Unarmed Combat
 + Level 4.5 Shapeshifting


You had 5 spell levels left.
You didn't know any spells.
Your spell library contained the following spells:

 Spells                   Type           Power      Damage    Failure   Level
 Kiss of Death            Conj/Necr      0%         2d5       41%         1
 Magic Dart               Conj           0%         1d3       41%         1
 Lesser Beckoning         Tloc           0%         N/A       54%         2
 Searing Ray              Conj           0%         2d4       54%         2
 Confusing Touch          Hex            0%         N/A       78%         3
 Gell's Gravitas          Tloc           0%         N/A       78%         3
 Teleport Other           Tloc           0%         N/A       78%         3
 Dispel Undead            Necr           0%         3d6       99%         4
 Fulminant Prism          Conj/Hex       0%         3d5       99%         4


Dungeon Overview and Level Annotations

Branches:
Dungeon (3/15)

Altars:


Innate Abilities, Weirdness & Mutations

You are a hulking beast.
Your limbs bulge with bestial killing power. (Slay +3)
Your plain brown scales are hard. (AC +6)
You cannot fit into any form of body armour.
You are cold-blooded and may be slowed by cold attacks.


Message History

Crazy Yiuf barely misses you.
Unknown command.
You hit Crazy Yiuf but do no damage.
Crazy Yiuf hits you with a +4 quarterstaff of chaos!
You hit Crazy Yiuf.
You tail-slap Crazy Yiuf, but do no damage.
Crazy Yiuf is lightly wounded.
Unknown command.
You punch Crazy Yiuf!
Crazy Yiuf is heavily wounded.
Crazy Yiuf hits you with a +4 quarterstaff of chaos!
Crazy Yiuf freezes you.
Unknown command.
You closely miss Crazy Yiuf.
Crazy Yiuf is heavily wounded.
Crazy Yiuf hits you with a +4 quarterstaff of chaos.
You feel drained.
You are too injured to fight recklessly!
You hit Crazy Yiuf.
You tail-slap Crazy Yiuf, but do no damage.
Crazy Yiuf is severely wounded.
Crazy Yiuf says, "Paint!"
Crazy Yiuf hits you with a +4 quarterstaff of chaos!
* * * LOW HITPOINT WARNING * * *
You are lethally poisoned!
You are too injured to fight recklessly!
You punch Crazy Yiuf!
You kill Crazy Yiuf!
* * * LOW HITPOINT WARNING * * *
You feel very sick.
Your life force feels restored.
Unknown command.
* * * LOW HITPOINT WARNING * * *
You feel sick.
There is an open translucent door, spattered with blood here.
Things that are here:
a +4 quarterstaff of chaos; a +0 cloak Unknown command.
You are too injured to fight recklessly!
You die...

#..............#.'....###
#........#.......#....#
#........#....>.##....#
###################...#
#...# ♣♣♣♣♣##...#
#####♣♣♣.♣......<#
#...#♣..♣....)...#
#..h).♣♣♣♣).)...##
#)..#♣♣ ♣♣...)## #####
♣♣####


There were no monsters in sight!

Vanquished Creatures
  A phantom (D:3)
  A wyvern zombie (D:3)
  The ghost of DEFE the Insei, a weakling DESh (D:3)
  A bullfrog zombie (D:3)
  Crazy Yiuf (D:3)
  A bullfrog skeleton (D:3)
  Natasha (thrice) (D:2)
  A howler monkey zombie (D:3)
  5 adders
  A worm (D:2)
  A dart slug (D:2)
  An orc (D:3)
  6 ball pythons
  5 endoplasms
  3 giant cockroaches
  8 goblins
  4 hobgoblins (D:3)
  4 jackals (D:3)
  6 kobolds
  2 quokkas (D:1)
  6 bats
  3 frilled lizards (D:1)
  8 rats
73 creatures vanquished.

Notes
Turn   | Place    | Note
-------+----------+-------------------------------------------
     0 | D:1      | floatRand the Draconian Shapeshifter began the quest for
                  | the Orb.
     0 | D:1      | Reached XP level 1. HP: 16/16 MP: 1/1
   161 | D:1      | Reached XP level 2. HP: 23/23 MP: 2/2
   290 | D:1      | Found a faded altar of an unknown god.
   525 | D:2      | Noticed Natasha
   529 | D:2      | Killed Natasha
   530 | D:2      | Reached skill level 4 in Unarmed Combat
   530 | D:2      | Reached XP level 3. HP: 25/28 MP: 3/3
   564 | D:2      | Noticed Natasha
   570 | D:2      | Killed Natasha
   571 | D:2      | Reached XP level 4. HP: 25/35 MP: 4/4
   747 | D:2      | Noticed Natasha
   752 | D:2      | Killed Natasha
   974 | D:2      | Reached skill level 5 in Unarmed Combat
   974 | D:2      | Reached XP level 5. HP: 40/40 MP: 5/5
  1382 | D:3      | Found a runed translucent gate.
  1382 | D:3      | Found a runed translucent gate.
  1382 | D:3      | Found a runed translucent gate.
  1387 | D:3      | Noticed DEFE's ghost (weakling DESh)
  1514 | D:3      | Noticed a phantom
  1524 | D:3      | Killed a phantom
  1874 | D:3      | Identified the +6 hammer "Death Rattle" {drain, *Slow rElec
                  | Will+ Int+6}
  1876 | D:3      | Found a runed translucent door.
  1877 | D:3      | Noticed Crazy Yiuf
  2024 | D:3      | Killed DEFE's ghost
  2025 | D:3      | Reached XP level 6. HP: 39/47 MP: 6/6
  2032 | D:3      | Reached skill level 6 in Unarmed Combat
  2314 | D:3      | Killed Crazy Yiuf
  2315 | D:3      | HP: 1/47 [poisoned by Crazy Yiuf]
  2316 | D:3      | Succumbed to Crazy Yiuf's poison

Illustrated notes

Levels and vault maps discovered:
D:1:      minmay_arrival_hallway, layout_rooms,
          hellmonk_ecumenical_altar_crossroads
D:2:      layout_loops_ring, nrook_campfire, uniq_natasha
D:3:      layout_basic, serial_glass, glass_columns_a, glass_columns_b,
          gammafunk_ghost_necromancy, uniq_crazy_yiuf_cottage

Skill      XL: |  1  2  3  4  5  6 |
---------------+-------------------+-----
Unarmed Combat | 4 5 6 |  6.5
Shapeshifting  | 4 |  4.5
Fighting       | |  1.1
Dodging        | |  1.7

Action                     |  1- 3 |  4- 6 || total
---------------------------+-------+-------++-------
  Melee: Unarmed           |    63 |   139 ||   202
         Tailslap          |     3 |    15 ||    18
         Punch             |     1 |     3 ||     4
   Stab: Sleeping          |     1 |       ||     1
 Armour: Skin              |    17 |    32 ||    49
  Dodge: Dodged            |    30 |    63 ||    93

Table legend: (Time is in decaauts)
 A = Elapsed time spent in this place.
 B = Non-inter-level travel time spent in this place.
 C = Inter-level travel time spent in this place.
 D = Time resting spent in this place.
 E = Time spent auto-exploring this place.
 F = Levels seen in this place.
 G = Mean time per level.
                   A        B        C        D        E       F      G
               +--------+--------+--------+--------+--------+-----+--------+
         Total |   2304 |   2214 |     90 |    216 |   1414 |   3 |  768.0 |
       Dungeon |   2304 |   2214 |     90 |    216 |   1414 |   3 |  768.0 |
               +--------+--------+--------+--------+--------+-----+--------+

Top non-repeatable levels by time:
     D:3: 924 daAuts
     D:2: 858 daAuts
     D:1: 521 daAuts
